 Dungeon Crawl Stone Soup version 0.26-a0-540-g8a0c9464d7 (webtiles) character file.

Game seed: 9511540561803672431

726 BeastOfSaturn the Slasher (level 7, -6/54 HPs)
             Began as a Demonspawn Warper on Aug 15, 2020.
             Killed by divine providence
             ... invoked by an orc priest
              (15 damage)
             ... on level 4 of the Dungeon.
             The game lasted 00:09:17 (4929 turns).

BeastOfSaturn the Slasher (Demonspawn Warper)       Turns: 4929, Time: 00:09:17

Health: -6/54      AC:  3    Str: 12    XL:     7   Next: 44%
Magic:  12/12      EV: 12    Int: 16    God:
Gold:   37         SH:  0    Dex: 12    Spells: 7/12 levels left

rFire    . . .     SeeInvis +   a - +1 falchion
rCold    . . .     Faith    .   (no shield)
rNeg     . . .     Spirit   .   b - +0 leather armour
rPois    .         Reflect  .   (no helmet)
rElec    .         Harm     .   k - scarf {repulsion}
rCorr    .                      (no gloves)
MR       .....                  (no boots)
Stlth    +.........             n - amulet of magic regeneration
HPRegen  0.18/turn              u - ring of see invisible
MPRegen  0.38/turn              (no ring)

@: repel missiles
A: demonic guardian 1, powered by pain 2
a: no special abilities


You were on level 4 of the Dungeon.
You visited 1 branch of the dungeon, and saw 5 of its levels.

You collected 247 gold pieces.
You spent 210 gold pieces at shops.

Inventory:

Hand Weapons
 a - a +1 falchion (weapon)
 q - a +2 falchion of holy wrath
Missiles
 e - 5 boomerangs of dispersal (quivered)
Armour
 b - a +0 leather armour (worn)
 k - a scarf of repulsion (worn)
Jewellery
 n - an amulet of magic regeneration (around neck)
 u - a ring of see invisible (left hand)
Wands
 i - a wand of iceblast (10)
 v - a wand of polymorph (10)
Scrolls
 c - 2 scrolls of remove curse {unknown}
 d - 3 scrolls of blinking
 m - a scroll of amnesia {unknown}
 r - 5 scrolls of identify
 s - a scroll of random uselessness {unknown}
 t - 3 scrolls of enchant armour
Potions
 f - 3 potions of degeneration {unknown}
 g - a potion of might
 h - 2 potions of flight {unknown}
 j - 6 potions of magic {unknown}
 l - 3 potions of haste
 o - 2 potions of cancellation {unknown}
 p - a potion of curing
 w - a potion of mutation {unknown}


   Skills:
 * Level 4.0 Fighting
 * Level 5.9 Long Blades
 - Level 0.8 Throwing
 - Level 1.0 Armour
 - Level 2.0 Dodging
 * Level 3.3 Spellcasting
 * Level 3.3 Translocations


You had 7 spell levels left.
You knew the following spells:

 Your Spells              Type           Power        Failure   Level
a - Blink                 Tloc           N/A          9%          2
b - Teleport Other        Tloc           ##......     17%         3

Your spell library contained the following spells:

 Spells                   Type           Power        Failure   Level
 Gell's Gravitas          Tloc           ##........   17%         3
 Lesser Beckoning         Tloc           ##........   17%         3
 Passage of Golubria      Tloc           N/A          50%         4


Dungeon Overview and Level Annotations

Branches:
Dungeon (5/15)
 Temple: D:4-7

Altars:
Elyvilon

Shops:
D:4 ?!

Annotations:
D:3 Ijyb


Innate Abilities, Weirdness & Mutations

A weak demonic guardian rushes to your aid.
You sometimes gain power by taking damage.


Message History

Your quasit closely misses the orc wizard.
Your quasit claws the orc wizard. x2; Your shadow imp hits the orc.
Your quasit bites the orc priest but does no damage.
Your quasit barely misses the orc priest.
Your quasit claws the orc priest but does no damage.
Your shadow imp hits the orc.
The orc dies!
The orc priest calls upon Beogh to heal the orc wizard.
The orc wizard is healed somewhat.
Something closely misses your quasit.
The orc wizard points at you and mumbles some strange words.
The magic dart hits you.
* * * LOW HITPOINT WARNING * * *
Your shadow imp gestures at the orc wizard.
The orc wizard writhes in agony.
Your quasit barely misses the orc wizard.
Your quasit closely misses the orc wizard.
Your quasit misses the orc wizard.
Your shadow imp hits the orc wizard.
The orc priest mumbles some strange prayers to Beogh against you.
Beogh smites you!
You die...

# #.......# #....... ##
#.......####### ##.......
.# #......##.....##
##..(..... .#
##.(...........###.........
.##
###...........#.o..o.o....
..#
##.........)5.5.###....#
..## ##...).......o####
#...# ...## #...........###
.o.. ....## ##.......@..##
... .....###...........#
... ##..ยง.##...........#
## ###....#...........# #
#............#...#
.###.....#######...#
.........# #...# .........#
#...# .........#


You could see an orc priest, an orc wizard, a friendly quasit (summoned) and a
friendly shadow imp (summoned).

Vanquished Creatures
  Edmund (D:4)
  2 ogres
  A centaur (D:5)
  Blork the orc (D:4)
  A centaur skeleton (D:4)
  5 orc wizards
  4 adders
  An ooze (D:1)
  An adder zombie (D:3)
  2 worms
  2 dart slugs (D:1)
  2 leopard geckos
  6 orcs
  4 giant cockroaches
  7 goblins
  5 hobgoblins
  2 quokkas (D:3)
  7 bats
  2 frilled lizards
  5 kobolds
  6 rats
67 creatures vanquished.

Vanquished Creatures (collateral kills)
  Eustachio (D:4)
  2 orcs (D:4)
  2 giant cockroaches
  A frilled lizard (D:4)
6 creatures vanquished.

Grand Total: 73 creatures vanquished

Notes
Turn   | Place    | Note
-------+----------+-------------------------------------------
     0 | D:1      | BeastOfSaturn the Demonspawn Warper began the quest for the
                  | Orb.
     0 | D:1      | Reached XP level 1. HP: 16/16 MP: 3/3
   137 | D:1      | Reached skill level 1 in Armour
   146 | D:1      | Reached skill level 2 in Long Blades
   177 | D:1      | Gained mutation: You sometimes gain a little power by
                  | taking damage. [demonic ancestry]
   177 | D:1      | Reached XP level 2. HP: 19/22 MP: 5/5
   761 | D:1      | Learned a level 2 spell: Blink
   847 | D:1      | Gained mutation: You sometimes gain power by taking damage.
                  | [demonic ancestry]
   847 | D:1      | Reached XP level 3. HP: 27/28 MP: 6/6
  1167 | D:2      | Found a white marble altar of Elyvilon.
  1780 | D:2      | Reached skill level 3 in Long Blades
  1838 | D:2      | Found a faded altar of an unknown god.
  2112 | D:2      | Reached XP level 4. HP: 34/34 MP: 7/7
  2355 | D:3      | Learned a level 3 spell: Teleport Other
  2626 | D:3      | Noticed Ijyb
  3251 | D:4      | Noticed Blork the orc
  3283 | D:4      | Noticed an ogre
  3295 | D:4      | Killed an ogre
  3295 | D:4      | Reached skill level 4 in Long Blades
  3295 | D:4      | Gained mutation: A weak demonic guardian rushes to your
                  | aid. [demonic ancestry]
  3295 | D:4      | Reached XP level 5. HP: 41/41 MP: 7/9
  3311 | D:4      | Found Farysaer's Magic Scroll Emporium.
  3613 | D:4      | Noticed an ogre
  3625 | D:3      | Killed an ogre
  3625 | D:3      | Reached XP level 6. HP: 27/47 MP: 10/10
  3794 | D:4      | Noticed Edmund
  3821 | D:4      | Killed Edmund
  3821 | D:4      | Reached skill level 5 in Long Blades
  4269 | D:4      | Bought a scroll of blinking for 105 gold pieces
  4269 | D:4      | Bought a scroll of enchant armour for 105 gold pieces
  4309 | D:5      | Entered Level 5 of the Dungeon
  4627 | D:4      | Reached XP level 7. HP: 39/53 MP: 11/11
  4805 | D:4      | Noticed Eustachio
  4837 | D:4      | Killed Eustachio
  4888 | D:4      | Killed Blork the orc
  4914 | D:4      | Found Keoruk's Distillery.
  4929 | D:4      | Killed from afar by an orc priest

Illustrated notes

Levels and vault maps discovered:
D:1:      elethiomel_arrival_quiet, layout_loops_ring
D:2:      layout_basic, chequers_ecumenical_altar_grove, elyvilon_altar_3
D:3:      layout_loops_ring, nrook_mini_backslash,
          minmay_randomly_rotated_circles, uniq_ijyb
D:4:      kennysheep_goblin_castle, layout_layer_cave,
          minmay_temple_entry_arrows, serial_shops, shop, nicolae_shop_crystal,
          shop, uniq_edmund, uniq_eustachio, uniq_blork_the_orc
D:5:      layout_loops_ring, portal_sewer_entry_c, grunt_tough_drop

Skill      XL: |  1  2  3  4  5  6  7 |
---------------+----------------------+-----
Armour         | 1 |  1.0
Long Blades    | 2 3 4 5 |  5.9
Dodging        | 2 |  2.0
Fighting       | 3 4 |  4.0
Translocations | 3 |  3.3
Spellcasting   | 3 |  3.3
Throwing       | |  0.8

Action                   |  1- 3 |  4- 6 |  7- 9 || total
-------------------------+-------+-------+-------++-------
Melee: Falchion          |   111 |   155 |    27 ||   293
 Cast: Teleport Other    |       |     1 |       ||     1
  Use: Scroll            |     7 |       |       ||     7
       Potion            |       |     2 |     1 ||     3
Armor: Leather armour    |    24 |    29 |     4 ||    57
       Skin              |       |     4 |       ||     4
Dodge: Dodged            |    85 |   115 |    25 ||   225
       Repelled          |       |     1 |       ||     1
       Rpst.: Falchion   |    27 |    25 |     4 ||    56

Table legend: (Time is in decaauts)
 A = Elapsed time spent in this place.
 B = Non-inter-level travel time spent in this place.
 C = Inter-level travel time spent in this place.
 D = Time resting spent in this place.
 E = Time spent auto-exploring this place.
 F = Levels seen in this place.
 G = Mean time per level.
                   A        B        C        D        E       F      G
               +--------+--------+--------+--------+--------+-----+--------+
         Total |   4969 |   4837 |    132 |   1317 |   2602 |   5 |  993.8 |
       Dungeon |   4969 |   4837 |    132 |   1317 |   2602 |   5 |  993.8 |
               +--------+--------+--------+--------+--------+-----+--------+

Top non-repeatable levels by time:
     D:3: 1599 daAuts
     D:2: 1355 daAuts
     D:4: 985 daAuts
     D:1: 976 daAuts
     D:5: 53 daAuts
